Map: [ESL] Goldenaura

Players

Serral - Winner!

  • Race: Zerg Zerg
  • Spawn Location: 12:00

Elazer

  • Race: Zerg Zerg
  • Spawn Location: 5:00

Event: ESL SC2 Masters 2023 Winter (Regional)

VOD

Have the link to the VOD?

Description

Time

  • Played on: Nov. 12, 2023, 8:53 a.m.
  • Length: 20:50

All games in this series

Show
View Real Time Build Order
Export as new Build Order

Serral Zerg - Winner!

Build Orders: Hatch First, Lurkers 

Get SALT Encoding   

  12  0:00  Drone  
  13  0:12  Overlord  
  13  0:17  Drone  
  14  0:30  Drone  
  14  0:31  Drone  
  16  0:48  Hatchery  
  15  0:51  Drone  
  15  0:55  Drone  
  17  0:58  Drone  
  18  1:09  Extractor  
  17  1:13  Spawning Pool  
  17  1:17  Drone  
  17  1:20  Drone  
  18  1:28  Drone  
  19  1:39  Drone  
  20  1:49  Drone  
  21  2:00  Queen x2  
  21  2:01  Zergling x2, Overlord  
  26  2:09  Metabolic Boost  
  26  2:11  Drone  
  26  2:12  Drone  
  28  2:21  Drone  
  28  2:22  Drone  
  30  2:34  Hatchery  
  30  2:36  Drone  
  30  2:39  Drone  
  30  2:43  Drone  
  32  2:46  Baneling Nest  
  32  2:50  Overlord  
  31  2:55  Drone  
  31  2:56  Drone  
  33  3:04  Drone x2  
  35  3:08  Zergling x4  
  35  3:09  Zergling x2  
  35  3:11  Overlord  
  38  3:13  Zergling x2  
  38  3:16  Drone  
  38  3:19  Drone  
  41  3:20  Drone  
  41  3:25  Queen  
  44  3:30  Drone  
  45  3:35  Drone  
  45  3:40  Overlord  
  46  3:41  Zergling x2  
  46  3:42  Drone x4  
  46  3:44  Drone  
  51  3:50  Drone x2, Evolution Chamber  
  51  3:52  Drone  
  51  3:54  Zergling x2  
  54  3:57  Drone  
  56  4:02  Drone  
  56  4:05  Drone  
  56  4:08  Extractor  
  56  4:09  Lair  
  56  4:10  Drone  
  56  4:11  Roach Warren  
  56  4:15  Drone x4  
  60  4:18  Zerg Missile Weapons Level 1  
  60  4:19  Drone  
  60  4:22  Extractor  
  59  4:25  Zergling x2  
  59  4:26  Overlord  
  59  4:29  Baneling  
  60  4:31  Drone  
  60  4:32  Drone  
  60  4:35  Overlord  
  60  4:36  Drone x2  
  60  4:37  Extractor  
  63  4:39  Drone x2  
  63  4:45  Overlord  
  65  4:47  Overlord  
  65  4:48  Drone x3  
  65  4:49  Drone  
  65  4:52  Drone x2, Overlord  
  71  4:55  Pneumatized Carapace  
  71  4:57  Overlord  
  71  4:58  Drone  
  71  5:05  Drone x5  
  76  5:10  Overseer  
  76  5:12  Glial Reconstitution  
  76  5:14  Extractor, Roach x2  
  80  5:20  Roach  
  80  5:21  Roach  
  83  5:25  Roach x2  
  83  5:26  Hatchery  
  85  5:29  Drone x4  
  85  5:32  Extractor  
  85  5:34  Overlord  
  88  5:36  Roach x2  
  88  5:41  Overlord  
  92  5:44  Roach x3  
  92  5:48  Overlord x2  
  98  5:50  Overseer  
  98  5:52  Overlord  
  98  5:55  Roach x3  
  104  6:03  Roach x4  
  112  6:10  Drone  
  113  6:12  Evolution Chamber  
  113  6:13  Roach x2  
  113  6:14  Zerg Missile Weapons Level 2  
  113  6:16  Overlord  
  116  6:18  Baneling x2  
  116  6:20  Roach x3  
  121  6:31  Roach x6  
  129  6:37  Queen  
  129  6:38  Queen  
  131  6:41  Overlord  
  131  6:42  Roach  
  131  6:45  Zerg Ground Armor Level 1  
  132  6:49  Drone x2  
  132  6:51  Ravager x4  
  138  6:56  Roach x4  
  138  7:00  Burrow, Overlord  
  146  7:08  Roach x5  
  156  7:12  Overlord  
  156  7:14  Tunneling Claws  
  156  7:16  Overseer  
  156  7:18  Drone  
  156  7:19  Drone, Queen  
  156  7:20  Overseer  
  160  7:25  Drone  
  160  7:26  Roach x3  
  167  7:33  Roach x5  
  177  7:40  Roach x3  
  177  7:43  Extractor  
  182  7:44  Drone  
  182  7:50  Overlord x3  
  182  7:54  Overseer  
  182  7:57  Overlord  
  182  7:58  Overlord  
  182  8:02  Overlord  
  182  8:03  Overlord  
  182  8:08  Drone x2  
  182  8:09  Drone  
  182  8:11  Roach x7  
  199  8:12  Roach x4  
  199  8:13  Roach x4  
  199  8:19  Overseer  
  199  8:26  Infestation Pit  
  198  8:31  Roach x18  
  198  8:34  Overseer  
  198  8:36  Drone x2, Spore Crawler  
  198  8:37  Overseer, Spine Crawler  
  198  8:40  Zerg Ground Armor Level 2  
  198  8:47  Roach  
  200  9:05  Hive  
  194  9:11  Roach  
  194  9:12  Roach x7  
  186  9:17  Roach x4  
  186  9:18  Roach x20  
  198  9:25  Hydralisk Den  
  198  9:29  Roach x2  
  199  9:40  Extractor, Roach x16  
  199  9:41  Drone x2  
  199  9:42  Spine Crawler  
  199  9:43  Hatchery  
  198  9:48  Roach  
  196  9:53  Roach x22  
  192  10:03  Roach x4  
  192  10:05  Grooved Spines  
  200  10:07  Lurker Den  
  199  10:15  Ravager  
  199  10:19  Zerg Missile Weapons Level 3  
  198  10:28  Roach x21  
  198  10:31  Hydralisk  
  198  10:32  Hydralisk x2, Roach x3  
  200  10:46  Overlord  
  200  10:56  Muscular Augments  
  196  11:02  Hydralisk x2  
  196  11:03  Extractor  
  197  11:06  Extractor  
  182  11:12  Hydralisk x2  
  182  11:13  Hydralisk, Roach  
  182  11:14  Roach x6  
  182  11:15  Seismic Spines  
  190  11:26  Roach x4  
  200  11:34  Lurker x4  
  198  11:40  Zerg Ground Armor Level 3  
  198  11:46  Drone, Spine Crawler  
  198  11:49  Drone, Spine Crawler  
  198  11:51  Overlord x3  
  198  11:52  Spore Crawler  
  198  11:53  Overlord, Spine Crawler  
  196  12:04  Overlord  
  196  12:12  Adaptive Talons  
  193  12:24  Viper x3  
  193  12:27  Roach  
  193  12:28  Roach x2  
  193  12:29  Roach  
  198  12:47  Hydralisk  
  198  13:02  Overseer x2  
  192  13:05  Hatchery  
  192  13:06  Hydralisk x4  
  191  13:14  Hydralisk x3  
  191  13:16  Roach x3  
  191  13:18  Overseer  
  195  13:24  Hydralisk, Roach x13  
  195  13:25  Hydralisk x2  
  197  13:29  Overlord x2  
  197  13:32  Overlord x2  
  195  13:50  Viper  
  194  13:57  Overseer  
  188  14:06  Hydralisk x8  
  190  14:11  Hydralisk x8  
  200  14:22  Overseer  
  197  14:29  Hydralisk x3  
  200  14:36  Lurker x5  
  199  14:52  Roach x15  
  199  14:56  Lurker  
  200  15:09  Extractor  
  200  15:11  Extractor  
  194  15:15  Drone x3  
  194  15:16  Drone x3  
  198  15:23  Hydralisk x3  
  198  15:27  Spine Crawler  
  199  15:29  Spine Crawler  
  198  15:37  Spore Crawler  
  198  15:39  Spine Crawler x2  
  198  15:42  Viper  
  195  15:44  Overseer  
  198  15:54  Overseer  
  192  15:58  Hydralisk x5  
  192  16:02  Drone x3  
  195  16:09  Viper x2  
  195  16:11  Lurker  
  200  16:15  Overseer, Spine Crawler  
  200  16:17  Drone x2, Spine Crawler  
  200  16:32  Overseer  
  194  17:13  Viper x3  
  200  17:17  Hatchery  
  200  17:20  Hatchery  
  176  17:30  Hydralisk x8  
  176  17:35  Viper  
  181  17:38  Hydralisk x5  
  181  17:40  Lurker x3  
  181  17:43  Overseer  
  196  17:47  Overlord  
  193  17:57  Lurker x9  
  192  17:58  Viper  
  195  18:08  Drone x3  
  195  18:09  Overlord x2  
  198  18:22  Drone x19  
  198  18:24  Overseer  
  198  18:25  Hydralisk x3  
  194  18:27  Overlord  
  194  18:29  Overseer  
  185  18:38  Drone x5, Hydralisk  
  185  18:39  Hydralisk x6  
  183  18:50  Hatchery  
  183  18:54  Hydralisk x10  
  199  19:02  Hydralisk x6  
  188  19:07  Overseer  
  200  19:28  Hatchery  
  199  19:32  Drone  
  199  19:34  Drone  
  199  19:35  Drone  
  199  19:40  Drone  
  199  20:02  Drone  
  198  20:25  Hydralisk x12  
  200  20:49  Extractor  
Show
View Real Time Build Order
Export as new Build Order

Elazer Zerg 

Build Orders: Hatch First, Lurkers 

Get SALT Encoding   

  12  0:00  Drone  
  13  0:12  Overlord  
  13  0:16  Drone  
  14  0:30  Drone x2  
  16  0:47  Hatchery  
  15  0:50  Drone  
  15  0:54  Drone  
  17  0:58  Drone  
  18  1:08  Extractor  
  17  1:12  Spawning Pool  
  17  1:16  Drone  
  17  1:19  Drone  
  18  1:27  Drone  
  19  1:38  Drone  
  20  1:49  Drone  
  21  1:59  Queen x2  
  21  2:00  Drone, Overlord  
  26  2:09  Metabolic Boost  
  26  2:10  Drone x2  
  28  2:21  Drone x2  
  30  2:32  Hatchery  
  30  2:35  Drone  
  30  2:39  Drone  
  30  2:43  Zergling x2  
  30  2:44  Drone  
  33  2:49  Baneling Nest  
  32  2:53  Overlord  
  32  2:54  Drone  
  33  3:03  Drone x2  
  35  3:06  Drone, Overlord  
  35  3:11  Queen  
  39  3:12  Zergling x2  
  39  3:15  Zergling x2  
  39  3:18  Zergling x2  
  39  3:19  Zergling x2  
  42  3:20  Drone  
  42  3:22  Drone  
  44  3:28  Drone  
  45  3:36  Drone  
  45  3:37  Overlord  
  45  3:39  Drone x3  
  49  3:44  Drone x3  
  49  3:47  Drone  
  53  3:51  Drone  
  54  3:59  Extractor, Roach Warren  
  54  4:02  Overlord  
  52  4:07  Drone x4  
  52  4:08  Lair  
  55  4:14  Drone x4  
  55  4:16  Extractor  
  58  4:19  Drone x3  
  58  4:21  Zergling x2  
  58  4:22  Zergling x2  
  63  4:26  Overlord  
  63  4:27  Drone x3  
  66  4:32  Extractor  
  66  4:33  Drone x2  
  66  4:35  Drone  
  66  4:36  Evolution Chamber  
  67  4:38  Pneumatized Carapace  
  67  4:39  Baneling  
  67  4:45  Drone x5  
  72  4:47  Drone x3  
  72  4:48  Overlord  
  73  4:54  Drone x4  
  73  4:58  Extractor  
  73  4:59  Extractor  
  75  5:01  Zerg Missile Weapons Level 1  
  75  5:02  Overlord  
  75  5:06  Roach x2  
  78  5:07  Glial Reconstitution  
  78  5:09  Roach  
  78  5:12  Roach  
  82  5:16  Drone  
  82  5:17  Drone  
  82  5:18  Roach x2  
  88  5:21  Overlord  
  88  5:24  Roach x4  
  96  5:30  Overlord  
  95  5:44  Drone  
  95  5:47  Roach x4  
  95  5:49  Overlord  
  104  5:50  Overlord  
  104  5:52  Roach x3  
  104  5:53  Hatchery  
  104  5:55  Overlord x2  
  104  5:56  Roach  
  111  6:01  Roach  
  113  6:10  Roach x2  
  113  6:11  Roach x4  
  125  6:16  Overlord  
  125  6:22  Roach x7  
  139  6:38  Roach x6  
  139  6:39  Roach  
  151  6:46  Drone x2  
  148  6:50  Tunneling Claws  
  148  6:51  Burrow  
  148  6:52  Drone x3  
  151  6:54  Drone, Ravager  
  151  6:56  Overlord  
  153  7:01  Evolution Chamber  
  153  7:03  Drone  
  153  7:07  Drone x3  
  156  7:09  Drone  
  156  7:15  Overlord  
  157  7:16  Drone x7  
  157  7:18  Extractor  
  157  7:20  Ravager x3  
  157  7:21  Zerg Missile Weapons Level 2  
  166  7:27  Overlord  
  166  7:28  Overlord  
  166  7:34  Roach  
  166  7:35  Roach x3  
  166  7:36  Ravager  
  175  7:47  Roach x8  
  191  7:54  Roach  
  191  7:57  Hatchery  
  191  7:58  Zerg Ground Armor Level 1  
  190  8:04  Spine Crawler  
  188  8:07  Roach x2, Overlord  
  188  8:08  Overlord, Ravager  
  188  8:11  Ravager  
  192  8:15  Infestation Pit, Spine Crawler  
  192  8:16  Spine Crawler  
  192  8:17  Spine Crawler  
  188  8:20  Overseer  
  188  8:22  Overseer  
  188  8:24  Roach x2  
  192  8:27  Roach x4  
  200  8:39  Overseer  
  196  8:49  Roach x2  
  196  8:50  Hydralisk Den  
  182  9:11  Roach x15  
  176  9:18  Roach x4  
  176  9:19  Roach x4  
  176  9:21  Hive  
  186  9:29  Roach x6  
  186  9:30  Roach  
  186  9:31  Roach x6  
  195  9:35  Ravager x4  
  199  9:40  Hydralisk Den  
  199  9:41  Roach  
  198  9:57  Roach x25  
  198  9:59  Roach x25  
  192  10:01  Hydralisk x4  
  192  10:05  Grooved Spines  
  200  10:09  Zerg Ground Armor Level 2  
  198  10:35  Roach x25  
  200  10:42  Roach x21  
  200  10:51  Zerg Missile Weapons Level 3  
  200  10:56  Muscular Augments  
  196  11:00  Lurker Den  
  189  11:06  Roach x7  
  186  11:11  Roach x8  
  200  11:25  Hydralisk x3  
  195  11:27  Roach x22  
  195  11:29  Roach x14  
  195  11:30  Extractor  
  195  11:31  Drone  
  195  11:32  Drone  
  200  12:00  Spine Crawler  
  200  12:01  Spine Crawler x2  
  198  12:03  Spore Crawler, Spine Crawler x2  
  198  12:04  Spore Crawler  
  198  12:05  Overseer  
  198  12:07  Spore Crawler, Spine Crawler  
  191  12:08  Spore Crawler  
  191  12:09  Spine Crawler  
  191  12:12  Overseer  
  191  12:13  Overseer  
  189  12:16  Queen  
  189  12:19  Seismic Spines  
  186  12:30  Viper x4  
  197  12:40  Spine Crawler  
  197  12:42  Roach x20  
  197  12:44  Viper  
  196  12:45  Zerg Ground Armor Level 3  
  199  12:57  Hydralisk x4  
  193  13:08  Hydralisk x7  
  185  13:14  Hydralisk x6  
  185  13:16  Adaptive Talons  
  185  13:19  Drone x6  
  194  13:24  Lurker  
  194  13:25  Lurker x5  
  192  13:37  Hydralisk x11  
  192  13:39  Overseer  
  192  13:42  Roach x18  
  190  13:53  Viper x3  
  183  13:58  Hydralisk  
  169  14:10  Drone  
  169  14:11  Drone x4  
  169  14:14  Extractor, Hydralisk x9  
  169  14:15  Extractor  
  186  14:41  Lurker  
  186  14:42  Lurker x3  
  190  15:03  Overseer  
  184  15:09  Viper x2  
  184  15:11  Overlord x3  
  176  15:22  Queen, Overlord x2  
  166  15:37  Viper  
  166  15:38  Overlord x2  
  166  15:40  Overlord  
  169  15:47  Overseer  
  160  15:58  Hydralisk x10  
  160  16:01  Hydralisk x7  
  171  16:04  Lurker x5  
  171  16:08  Queen  
  178  16:11  Spine Crawler  
  178  16:12  Spine Crawler  
  178  16:13  Spine Crawler  
  178  16:14  Spore Crawler  
  178  16:18  Hydralisk x8  
  176  16:20  Overlord x3  
  190  16:42  Viper  
  190  16:43  Viper x2  
  190  16:46  Overlord  
  199  16:53  Hydralisk x6  
  193  17:11  Hatchery  
  152  17:38  Hydralisk x14  
  152  17:39  Hydralisk x3  
  184  17:57  Hydralisk x8  
  176  18:56  Hydralisk x7  
  173  19:05  Hydralisk x5  
  181  19:16  Drone x3  
  184  19:24  Extractor  
  184  19:27  Extractor  
  184  19:29  Lurker x3  
  185  19:37  Overseer  
  185  19:38  Overseer  
  185  19:41  Hydralisk x3  
  185  19:42  Overlord  
  171  20:09  Hydralisk x7  
  165  20:24  Hydralisk x3  
  165  20:27  Overseer x2  
  153  20:33  Drone x7  
  159  20:40  Lurker x3  
Tags
 
Add a new tag
Caveats
  • Supply blocks, unpowered buildings, or Contaminate may cause inaccurate times.
  • Supply counts are checked every 10 seconds.